[Event "Titled Tuesday Blitz April 18 Early 2023"]
[White "Skatchkov, Valery"]
[Black "Smirnov, Pavel"]
[WhiteFideId "24195812"]
[BlackFideId "4123425"]
[WhiteElo "2262"]
[BlackElo "2519"]
[Result "0-1"]
[Round "10"]
[TimeControl "180+2"]
[Date "2023.04.18"]
[WhiteClock "0:02:36"]
[BlackClock "0:02:40"]

1. d4 Nf6 2. c4 e6 3. Nf3 d5 4. g3 Be7 5. Bg2 O-O 6. Nc3 c6 7. O-O Nbd7 8. Qd3 b6 9. e4 Ba6 10. Nd2 dxc4 11. Nxc4 Ne5 12. Nxe5 Bxd3 13. Nxd3 Qxd4 0-1


[Site "https://www.chess.com"]

[Event "Titled Tuesday Blitz April 18 Early 2023"]
[White "Szpar, Milosz"]
[Black "wqws"]
[WhiteFideId "1184989"]
[WhiteElo "2436"]
[BlackElo "2606"]
[Result "1/2-1/2"]
[Round "10"]
[TimeControl "180+2"]
[Date "2023.04.18"]
[WhiteClock "0:00:02"]
[BlackClock "0:01:06"]

1. e4 c5 2. Nf3 d6 3. Bb5+ Nd7 4. O-O a6 5. Bd3 Ngf6 6. Qe2 e5 7. c4 Be7 8. Nc3 Nf8 9. Bc2 Bg4 10. Ba4+ N6d7 11. h3 Bh5 12. g4 Bg6 13. Nd5 Ne6 14. d3 h5 15. Rb1 Rb8 16. b4 b5 17. Bb3 hxg4 18. hxg4 Nf6 19. Nxf6+ Bxf6 20. cxb5 Qd7 21. bxa6 Nf4 22. Bxf4 exf4 23. Nd2 Rh3 24. a7 f3 25. axb8=Q+ Ke7 26. Qxf3 Rxf3 27. Nxf3 Qxg4+ 28. Kh2 Qf4+ 29. Kg2 Qg4+ 30. Kh2 Qf4+ 31. Kg2 Qg4+ 32. Kh2 1/2-1/2


[Site "https://www.chess.com"]

[Event "Titled Tuesday Blitz April 18 Early 2023"]
[White "Han, Yichen"]
[Black "Hambleton, Aman"]
[WhiteFideId "1054430"]
[BlackFideId "2606577"]
[WhiteElo "2342"]
[BlackElo "2511"]
[Result "1-0"]
[Round "10"]
[TimeControl "180+2"]
[Date "2023.04.18"]
[WhiteClock "0:00:08"]
[BlackClock "0:00:01"]

1. d4 e5 2. dxe5 Nc6 3. Nf3 Qe7 4. Nc3 Nxe5 5. Nd5 Nxf3+ 6. gxf3 Qd8 7. Bf4 d6 8. e4 Nf6 9. Bg5 Be7 10. Nxe7 Qxe7 11. Qd4 h6 12. Bh4 Qe5 13. Qxe5+ dxe5 14. Bg3 Nd7 15. f4 f6 16. fxe5 Nxe5 17. f4 Nf7 18. O-O-O Bg4 19. Re1 O-O-O 20. e5 fxe5 21. fxe5 Be6 22. Bd3 Ng5 23. Rhf1 Rdf8 24. h4 Nf3 25. Rd1 g5 26. hxg5 hxg5 27. Be4 g4 28. Rh1 Ng5 29. Bg2 a6 30. Bh4 Nf3 31. Bf6 Rxh1 32. Rxh1 Nd4 33. Rh7 Re8 34. Kd2 a5 35. c3 Nc6 36. Be4 Bxa2 37. Bg6 Rf8 38. Bf5+ Kb8 39. Bxg4 Re8 40. Bd7 Rxe5 41. Bxc6 Re6 42. Rh8+ Ka7 43. Bd4+ b6 44. Ra8# 1-0


[Site "https://www.chess.com"]

[Event "Titled Tuesday Blitz April 18 Early 2023"]
[White "Eynullayev, Atilla"]
[Black "Harsh Suresh"]
[WhiteFideId "13413570"]
[BlackFideId "45018464"]
[WhiteElo "2181"]
[BlackElo "2227"]
[Result "0-1"]
[Round "10"]
[TimeControl "180+2"]
[Date "2023.04.18"]
[WhiteClock "0:00:06"]
[BlackClock "0:00:06"]

1. d4 Nf6 2. c4 e6 3. Nc3 Bb4 4. e3 O-O 5. Bd3 d5 6. Nf3 Re8 7. O-O Nc6 8. a3 dxc4 9. Bxc4 Bd6 10. b4 a6 11. Rb1 e5 12. d5 Ne7 13. Nd2 Ng6 14. Bd3 b6 15. Qb3 Bb7 16. Nde4 Nxe4 17. Bxe4 Bc8 18. Qc2 Rf8 19. Bf5 Bxf5 20. Qxf5 Qc8 21. Qxc8 Rfxc8 22. Ne4 f5 23. Ng3 Ne7 24. Bb2 e4 25. Nh5 Nxd5 26. Nxg7 Ne7 27. Rfd1 a5 28. b5 a4 29. Ne6 Kf7 30. Nd4 Rd8 31. Rbc1 Bc5 32. Ne2 Rxd1+ 33. Rxd1 c6 34. bxc6 Nxc6 35. Rd7+ Ke6 36. Rxh7 Na5 37. Nf4+ Kd6 38. Rh6+ Kd7 39. Nd5 Nc4 40. Bc1 Ra5 41. Kf1 Rb5 42. Nc3 Rb3 43. Nxa4 Rb1 44. Ke2 Rxc1 45. Rh7+ Ke8 46. h4 Rc2+ 47. Ke1 Bxa3 48. g3 b5 49. h5 bxa4 50. h6 Rc1+ 51. Ke2 Bb2 52. Ra7 a3 53. h7 Rh1 54. g4 fxg4 55. Ra4 Rxh7 56. Rxc4 a2 57. Rxe4+ Re7 58. Ra4 a1=Q 59. Rxa1 Bxa1 0-1


[Site "https://www.chess.com"]

[Event "Titled Tuesday Blitz April 18 Early 2023"]
[White "Nagy, Gabor"]
[Black "Arat, Ufuk Sezen"]
[WhiteFideId "737119"]
[BlackFideId "6309089"]
[WhiteElo "2514"]
[BlackElo "2289"]
[Result "0-1"]
[Round "10"]
[TimeControl "180+2"]
[Date "2023.04.18"]
[WhiteClock "0:01:01"]
[BlackClock "0:00:13"]

1. c4 Nf6 2. g3 c6 3. Bg2 d5 4. Qa4 dxc4 5. Qxc4 g6 6. d3 Bg7 7. Nf3 O-O 8. O-O Nbd7 9. Qc2 Nb6 10. e4 Bg4 11. Nfd2 Be2 12. Re1 Bxd3 13. Qb3 Ng4 14. h3 Ne5 15. Kh2 Ba6 16. f4 Nd3 17. Rd1 Nxc1 18. Rxc1 Qd4 19. e5 Rad8 20. Nf3 Qa4 21. Nc3 Qxb3 22. axb3 f6 23. Ne4 fxe5 24. Nxe5 Bxe5 25. fxe5 Nd5 26. Nc5 Ne3 27. Be4 Rd2+ 28. Kg1 Nf5 29. Rc3 Rxb2 30. Nxa6 bxa6 31. Rxa6 Nd4 32. Re3 Ne2+ 33. Kh1 Rf1+ 34. Kg2 Rc1 35. Kf3 Nd4+ 36. Kg4 Kg7 37. Rxa7 h5+ 38. Kh4 Kh6 39. g4 g5+ 40. Kg3 h4# 0-1


[Site "https://www.chess.com"]

[Event "Titled Tuesday Blitz April 18 Early 2023"]
[White "Gubajdullin, Alexei"]
[Black "Bryant, John Daniel"]
[WhiteFideId "4141202"]
[BlackFideId "2031280"]
[WhiteElo "2279"]
[BlackElo "2455"]
[Result "1-0"]
[Round "10"]
[TimeControl "180+2"]
[Date "2023.04.18"]
[WhiteClock "0:00:52"]
[BlackClock "0:00:03"]

1. c4 g6 2. Nf3 Bg7 3. g3 Nf6 4. Bg2 O-O 5. O-O d6 6. Nc3 Nc6 7. d3 e5 8. Bg5 h6 9. Bxf6 Bxf6 10. Rb1 a5 11. a3 Bg7 12. b4 axb4 13. axb4 Be6 14. b5 Ne7 15. Nd2 c6 16. Qb3 d5 17. Qb4 dxc4 18. Nxc4 Nd5 19. Nxd5 cxd5 20. Ne3 Qd7 21. b6 Rfd8 22. Rfc1 Bf8 23. Qb5 Qd6 24. Rc7 Ra2 25. Rxb7 Rxe2 26. d4 Rd2 27. dxe5 Qc5 28. Qxc5 Bxc5 29. Rc7 Bd4 30. b7 Bxe5 31. Rcc1 d4 32. Nc4 Bxc4 33. Rxc4 Rb8 34. Re1 Bd6 35. Rc6 1-0


[Site "https://www.chess.com"]

[Event "Titled Tuesday Blitz April 18 Early 2023"]
[White "Kukhmazov, Arsen"]
[Black "Sieciechowicz, Marcin"]
[WhiteFideId "24108260"]
[BlackFideId "1130170"]
[WhiteElo "2396"]
[BlackElo "2302"]
[Result "0-1"]
[Round "10"]
[TimeControl "180+2"]
[Date "2023.04.18"]
[WhiteClock "0:00:48"]
[BlackClock "0:01:19"]

1. d4 Nf6 2. c4 g6 3. h4 Bg7 4. Nc3 c5 5. d5 d6 6. e4 e6 7. Be2 exd5 8. exd5 h5 9. Nh3 O-O 10. Ng5 a6 11. O-O Nbd7 12. a4 Ne5 13. Bf4 Bf5 14. Qd2 Re8 15. Rfe1 Rb8 16. Nf3 Nfd7 17. Bg5 Qa5 18. Nxe5 Nxe5 19. Nd1 Qxd2 20. Bxd2 Nd3 21. Bxd3 Rxe1+ 22. Bxe1 Bxd3 23. Rc1 b5 24. cxb5 axb5 25. a5 b4 26. Bd2 Ra8 27. Ra1 Be4 28. Bf4 Ra6 29. Bg5 Bxd5 30. Bd8 Bb3 31. Bb6 c4 32. Rc1 Bxd1 33. Rxd1 Bxb2 34. Rxd6 Bg7 35. Rc6 c3 36. Rc8+ Kh7 0-1


[Site "https://www.chess.com"]

[Event "Titled Tuesday Blitz April 18 Early 2023"]
[White "Ashraf, Artin"]
[Black "Vaibhav Jayant Raut"]
[WhiteFideId "22514805"]
[BlackFideId "5089034"]
[WhiteElo "2188"]
[BlackElo "2156"]
[Result "0-1"]
[Round "10"]
[TimeControl "180+2"]
[Date "2023.04.18"]
[WhiteClock "0:00:02"]
[BlackClock "0:00:56"]

1. d4 Nf6 2. Nc3 d5 3. Bf4 e6 4. Nb5 Na6 5. e3 c6 6. Nc3 Nc7 7. Nf3 Bd6 8. Ne5 O-O 9. Bd3 c5 10. dxc5 Bxc5 11. Qf3 b5 12. Qh3 h6 13. O-O b4 14. Ne2 Ba6 15. Rad1 Bxd3 16. cxd3 Nb5 17. Rc1 Bd6 18. d4 Rc8 19. f3 Nd7 20. Rxc8 Qxc8 21. Rc1 Qd8 22. Qg3 Kh7 23. Nc6 Bxf4 24. Qxf4 Qb6 25. b3 Nc3 26. Nxc3 Qxc6 27. Ne2 Qa6 28. Qg3 Qxe2 0-1


[Site "https://www.chess.com"]

[Event "Titled Tuesday Blitz April 18 Early 2023"]
[White "Molina, Roberto Junio Brito"]
[Black "Kim, Sergey"]
[WhiteFideId "2109450"]
[BlackFideId "13700570"]
[WhiteElo "2376"]
[BlackElo "2622"]
[Result "1-0"]
[Round "10"]
[TimeControl "180+2"]
[Date "2023.04.18"]
[WhiteClock "0:00:07"]
[BlackClock "0:00:01"]

1. d4 Nf6 2. c4 g6 3. Nc3 Bg7 4. e4 d6 5. f3 O-O 6. Be3 Nc6 7. d5 Ne5 8. Qd2 c5 9. h3 a6 10. f4 Ned7 11. Nf3 b5 12. cxb5 axb5 13. Bxb5 Qa5 14. a4 Ba6 15. Rc1 Bxb5 16. axb5 Nb6 17. Qd3 Na4 18. Qc2 Nxc3 19. bxc3 Qxb5 20. c4 Qa5+ 21. Kf2 Nd7 22. Rhe1 Rfb8 23. Re2 Rb2 24. Qd3 Rab8 25. Rcc2 Rb1 26. Ra2 Qb4 27. Nd2 Rb2 28. Nf3 Rb1 29. Rec2 Rb3 30. Qe2 Nf6 31. Nd2 Rc3 32. e5 Rxc2 33. Rxc2 dxe5 34. fxe5 Nd7 35. e6 fxe6 36. dxe6 Ne5 37. Kg1 Qa4 38. Nf1 Qc6 39. Ng3 Qxe6 40. Bxc5 Rc8 41. Ne4 Nf7 42. Bf2 Ne5 43. c5 Qc6 44. Bg3 Nd7 45. Kh2 Qe6 46. Qd3 Be5 47. Ng5 Bxg3+ 48. Qxg3 Qf6 49. Rf2 Qe5 50. Qxe5 Nxe5 51. Ne4 Nd7 52. Rc2 Ne5 53. Kg3 Nc6 54. Kf4 e5+ 55. Ke3 Ra8 56. Nd6 Ra3+ 57. Ke4 Ra4+ 58. Ke3 Ra3+ 59. Ke4 Ra4+ 60. Rc4 Ra2 61. g4 Rd2 62. Nb5 1-0


[Site "https://www.chess.com"]

[Event "Titled Tuesday Blitz April 18 Early 2023"]
[White "Bodnaruk, Anastasia"]
[Black "Samunenkov, Ihor"]
[WhiteFideId "4181751"]
[BlackFideId "14187086"]
[WhiteElo "2310"]
[BlackElo "2457"]
[Result "0-1"]
[Round "10"]
[TimeControl "180+2"]
[Date "2023.04.18"]
[WhiteClock "0:00:05"]
[BlackClock "0:00:18"]

1. e4 c5 2. Nc3 Nc6 3. Bb5 Nd4 4. Bc4 e6 5. Nge2 a6 6. a4 Nf6 7. O-O d5 8. exd5 exd5 9. Ba2 Ne6 10. d4 c4 11. Ng3 Bb4 12. Nce2 O-O 13. c3 Bd6 14. Bb1 Re8 15. Nf5 Bc7 16. Neg3 Bd7 17. Qf3 Bc6 18. Be3 Kh8 19. Bc2 Ng8 20. h4 g6 21. Rae1 gxf5 22. Nxf5 Qf6 23. Qh5 Ng7 24. Nxg7 Qxg7 25. Bg5 Rxe1 26. Rxe1 Re8 27. Rxe8 Bxe8 28. Be3 Nf6 29. Qf5 Bd7 30. Qg5 Qxg5 31. hxg5 Ne4 32. f3 Ng3 33. Kf2 Bf5 34. Bd1 h5 35. gxh6 Kh7 36. Bg5 Bd3 37. b3 Nf5 38. g4 Nxh6 39. b4 Kg6 40. Bd2 Ng8 41. f4 Nf6 42. f5+ Kg7 43. Ke3 Nxg4+ 44. Bxg4 Kf6 45. Be1 Kg5 46. Kf3 Be4+ 47. Ke3 Kxg4 48. Ke2 Kxf5 49. Ke3 b5 50. axb5 axb5 51. Bh4 Kg4 52. Bf6 Bf4+ 53. Ke2 Bg5 54. Be5 f5 55. Kf1 f4 56. Bd6 f3 57. Kf2 Bh4+ 58. Kf1 Bd3+ 0-1


[Site "https://www.chess.com"]

[Event "Titled Tuesday Blitz April 18 Early 2023"]
[White "jinbojinbo"]
[Black "Sousa, Andre Ventura"]
[BlackFideId "1917617"]
[WhiteElo "2710"]
[BlackElo "2348"]
[Result "1-0"]
[Round "10"]
[TimeControl "180+2"]
[Date "2023.04.18"]
[WhiteClock "0:01:04"]
[BlackClock "0:00:58"]

1. c4 Nf6 2. Nc3 g6 3. d4 Bg7 4. g3 O-O 5. Bg2 d6 6. Nf3 Nc6 7. O-O e5 8. d5 Nb8 9. e4 a5 10. Ne1 Na6 11. Nd3 Nd7 12. f4 exf4 13. gxf4 Nb4 14. Be3 Nxd3 15. Qxd3 b6 16. Rae1 Nc5 17. Qd2 Ba6 18. b3 Qh4 19. Bd4 Rae8 20. Bxg7 Kxg7 21. Qd4+ Qf6 22. e5 dxe5 23. fxe5 Qg5 24. e6+ f6 25. h4 Qh6 26. Rf3 Qh5 27. Ref1 Qe5 28. Qxe5 fxe5 29. Rf7+ Rxf7 30. Rxf7+ Kh6 31. Rxc7 a4 32. Nxa4 Nxa4 33. bxa4 Kh5 34. e7 Kxh4 35. d6 Bc8 36. Bc6 1-0


[Site "https://www.chess.com"]

[Event "Titled Tuesday Blitz April 18 Early 2023"]
[White "Dehtiarov, Roman"]
[Black "Tasev, Dejan"]
[WhiteFideId "14186640"]
[BlackFideId "936618"]
[WhiteElo "2189"]
[BlackElo "2244"]
[Result "1-0"]
[Round "10"]
[TimeControl "180+2"]
[Date "2023.04.18"]
[WhiteClock "0:01:34"]
[BlackClock "0:00:20"]

1. c4 Nf6 2. Nc3 g6 3. g3 Bg7 4. Bg2 O-O 5. e4 d6 6. Nge2 c5 7. O-O Nc6 8. d3 a6 9. Rb1 Rb8 10. a3 Bd7 11. b4 cxb4 12. axb4 b5 13. cxb5 axb5 14. h3 Ne8 15. Kh2 Nc7 16. d4 Na6 17. Na2 e6 18. f4 d5 19. e5 Nc7 20. g4 Na8 21. Ng3 Nb6 22. f5 exf5 23. gxf5 gxf5 24. Nxf5 Bxf5 25. Rxf5 Ne7 26. Bg5 Qd7 27. Rf3 Ng6 28. Rg3 Nc4 29. h4 h6 30. Bh3 Qc6 31. Bc1 Nxh4 32. Qh5 Ng6 33. Bxh6 Bxh6 34. Qxh6 Ra8 35. Nc3 Ra3 36. e6 Rxc3 37. Rxg6+ fxg6 38. Qxg6+ Kh8 39. Qh6+ 1-0


[Site "https://www.chess.com"]

[Event "Titled Tuesday Blitz April 18 Early 2023"]
[White "Matinian, Nikita"]
[Black "Yelisieiev, Yevhenii"]
[WhiteFideId "24129100"]
[BlackFideId "14139642"]
[WhiteElo "2422"]
[BlackElo "2425"]
[Result "1-0"]
[Round "10"]
[TimeControl "180+2"]
[Date "2023.04.18"]
[WhiteClock "0:00:09"]
[BlackClock "0:00:03"]

1. e4 d6 2. d4 Nf6 3. Nc3 e5 4. Nf3 Nbd7 5. Bc4 Be7 6. O-O O-O 7. Re1 c6 8. a4 a5 9. h3 Nb6 10. Bb3 Nfd7 11. Be3 exd4 12. Nxd4 Nc5 13. Qf3 Nxb3 14. cxb3 Nd7 15. Rad1 Ne5 16. Qg3 Bh4 17. Qh2 Be6 18. g3 c5 19. Nxe6 Nf3+ 20. Kh1 fxe6 21. Qg2 Nxe1 22. Rxe1 Bf6 23. Nb5 Bxb2 24. Rd1 Bd4 25. Bxd4 cxd4 26. Rxd4 Qf6 27. f4 Rad8 28. Rd2 e5 29. f5 d5 30. exd5 Qxf5 31. d6 e4 32. Qe2 Qe5 33. Kg2 Rf3 34. Qe1 Rxb3 35. Re2 e3 36. Qc1 Qd5+ 37. Kh2 Rf8 38. Qc2 Rd3 39. Nc7 Qxd6 40. Qc4+ Kh8 41. Ne6 Re8 42. Ng5 Qd5 43. Qh4 h6 44. Qh5 Rf8 45. Qg6 Qxg5 46. Qxd3 Re8 47. h4 Qe5 48. Qd7 Qe7 49. Qd5 Qe4 50. Qd7 Re7 51. Qd8+ Kh7 52. Qxa5 Qd3 53. Qe1 Re4 54. a5 Rc4 55. Rxe3 Rc2+ 56. Kh3 Qd7+ 57. g4 Qd5 58. Re4 Qd3+ 59. Re3 Qd5 60. Qf1 Qd6 61. Qf5+ Qg6 62. Qxg6+ Kxg6 63. Rb3 Rc7 64. h5+ Kg5 65. Rb5+ Kf4 66. Rf5+ Ke4 67. Kh4 Kd4 68. g5 Ke4 69. Kg4 hxg5 70. Kxg5 Rd7 71. Rb5 Kd4 72. Kg6 Kc4 73. Rf5 Kb4 74. Rf7 Rd6+ 75. Kxg7 Kxa5 76. Rxb7 Rd1 77. h6 Rg1+ 78. Kh8 Ka6 79. Rg7 Rb1 80. h7 Rb8+ 81. Rg8 Rb1 82. Rf8 Rg1 83. Rg8 Rb1 84. Kg7 Rg1+ 85. Kf6 Rf1+ 86. Ke5 Re1+ 87. Kd4 Rd1+ 88. Kc3 Rc1+ 89. Kb2 Rh1 90. h8=Q Rxh8 91. Rxh8 1-0


[Site "https://www.chess.com"]

[Event "Titled Tuesday Blitz April 18 Early 2023"]
[White "Krsnik Cohar, Ivan Vihor"]
[Black "Martinez Ramirez, Lennis"]
[WhiteFideId "14520044"]
[BlackFideId "3509079"]
[WhiteElo "2414"]
[BlackElo "2410"]
[Result "0-1"]
[Round "10"]
[TimeControl "180+2"]
[Date "2023.04.18"]
[WhiteClock "0:00:02"]
[BlackClock "0:01:41"]

1. e4 c5 2. Ne2 Nc6 3. g3 h5 4. h4 Nf6 5. Bg2 Ng4 6. c3 e6 7. d4 d5 8. exd5 exd5 9. dxc5 Bxc5 10. O-O Be6 11. b4 Bb6 12. Nf4 Qf6 13. Qe2 O-O-O 14. Nxe6 fxe6 15. Bg5 Qf5 16. Bxd8 Rxd8 17. a4 Rf8 18. Ra2 g5 19. a5 Bxf2+ 20. Kh1 gxh4 21. Nd2 hxg3 22. Bh3 Nce5 23. c4 Qf4 24. a6 g2+ 0-1


[Site "https://www.chess.com"]

[Event "Titled Tuesday Blitz April 18 Early 2023"]
[White "Osinenko, Anton"]
[Black "O`Gorman, Tom"]
[WhiteFideId "4158970"]
[BlackFideId "2508249"]
[WhiteElo "2294"]
[BlackElo "2271"]
[Result "1-0"]
[Round "10"]
[TimeControl "180+2"]
[Date "2023.04.18"]
[WhiteClock "0:01:20"]
[BlackClock "0:00:40"]

1. e4 c6 2. d4 d5 3. Nc3 dxe4 4. Nxe4 Nf6 5. Ng3 h5 6. Nf3 h4 7. Ne2 h3 8. Qd3 Na6 9. c3 g6 10. Nf4 Bf5 11. Qe2 hxg2 12. Bxg2 Nc7 13. Ne5 Ncd5 14. Nfd3 e6 15. Bg5 Be7 16. O-O-O Qa5 17. a3 O-O-O 18. Bxd5 Qxd5 19. Nxf7 Qa2 20. Nxh8 Rxh8 21. Qe5 Rh3 22. Bf4 Nd5 23. Qb8+ Kd7 24. Ne5# 1-0


[Site "https://www.chess.com"]

[Event "Titled Tuesday Blitz April 18 Early 2023"]
[White "Grot, Blazej"]
[Black "Brunner, Nicolas"]
[WhiteFideId "21835845"]
[BlackFideId "620246"]
[WhiteElo "1823"]
[BlackElo "2327"]
[Result "1-0"]
[Round "10"]
[TimeControl "180+2"]
[Date "2023.04.18"]
[WhiteClock "0:00:45"]
[BlackClock "0:00:01"]

1. e4 e5 2. Nf3 Nf6 3. d4 Nxe4 4. Bd3 d5 5. Nxe5 Nd7 6. Nxd7 Bxd7 7. O-O Bd6 8. Qh5 Qf6 9. Nc3 Nxc3 10. bxc3 O-O-O 11. Qxd5 Bc6 12. Qf5+ Qxf5 13. Bxf5+ Kb8 14. c4 Bb4 15. d5 Ba4 16. Rb1 Bc3 17. Be3 g6 18. Bd3 f5 19. h4 Rhe8 20. Rfd1 Be5 21. Rb4 Bd7 22. c5 Bc8 23. Ba6 Ka8 24. Bf1 Bf6 25. g3 Re4 26. Rxe4 fxe4 27. Be2 h5 28. Kh2 Bf5 29. Bc4 a6 30. Rb1 Be5 31. Rb4 Bg4 32. d6 cxd6 33. Bd5 Bc8 34. c6 Kb8 35. Bb6 Rf8 36. c7+ Ka8 37. Ra4 1-0


[Site "https://www.chess.com"]

[Event "Titled Tuesday Blitz April 18 Early 2023"]
[White "Andreev, Konstantin"]
[Black "Mendez Fortes, Eduardo Jesus"]
[WhiteFideId "24239305"]
[BlackFideId "3502376"]
[WhiteElo "2106"]
[BlackElo "2307"]
[Result "1-0"]
[Round "10"]
[TimeControl "180+2"]
[Date "2023.04.18"]
[WhiteClock "0:01:16"]
[BlackClock "0:00:21"]

1. e4 c5 2. Nf3 d6 3. d4 cxd4 4. Nxd4 Nf6 5. Nc3 a6 6. h4 h5 7. Bg5 e6 8. Qd2 Be7 9. O-O-O Qc7 10. f3 Bd7 11. Kb1 b5 12. Be2 Qb7 13. Bd3 Nc6 14. Nxc6 Bxc6 15. Rhg1 O-O-O 16. Ne2 Kb8 17. Nd4 Be8 18. Nb3 Qc7 19. Qf2 Ng8 20. Be3 Kb7 21. Bd2 Rc8 22. Ba5 Qc6 23. Bc3 Nf6 24. e5 dxe5 25. Na5+ Ka8 26. Nxc6 Bxc6 27. Bxe5 Nd5 28. Be4 f6 29. Bxd5 Bxd5 30. Bd4 Rhd8 31. Rge1 Rd7 32. b3 Bf8 33. Kb2 a5 34. Rd2 a4 35. Qe2 Rb7 36. Qd3 Bb4 37. c3 Bd6 38. Rde2 Bg3 39. Bf2 Bf4 40. Rxe6 Bxe6 41. Rxe6 b4 42. Qa6+ Kb8 43. Ba7+ Kc7 44. Rc6+ Kd7 45. Qxb7+ 1-0


[Site "https://www.chess.com"]

[Event "Titled Tuesday Blitz April 18 Early 2023"]
[White "Hua, Lefong"]
[Black "Delorme, Axel"]
[WhiteFideId "2602253"]
[BlackFideId "632023"]
[WhiteElo "2646"]
[BlackElo "2478"]
[Result "1-0"]
[Round "10"]
[TimeControl "180+2"]
[Date "2023.04.18"]
[WhiteClock "0:00:54"]
[BlackClock "0:00:02"]

1. d4 d5 2. c4 e6 3. Nc3 c5 4. cxd5 exd5 5. Nf3 Nc6 6. g3 Nf6 7. Bg2 cxd4 8. Nxd4 Bc5 9. Nxc6 bxc6 10. O-O O-O 11. b3 Re8 12. Na4 Bb6 13. Nxb6 axb6 14. Bb2 Ba6 15. Re1 Rc8 16. Rc1 Ne4 17. Qd4 f6 18. e3 h5 19. h4 c5 20. Qd1 Qd7 21. Qxh5 Bd3 22. Red1 c4 23. bxc4 dxc4 24. Bf1 Rc5 25. Bxd3 cxd3 26. Rxc5 bxc5 27. Rxd3 Qxd3 28. Qxe8+ Kh7 29. Qh5+ Kg8 30. Kg2 Qc2 31. Qf3 Qxb2 32. Qxe4 Qxa2 33. Qe8+ Kh7 34. Qh5+ Kg8 35. Qxc5 Qa8+ 36. Kg1 Qf3 37. Qc4+ Kh7 38. Qf4 Qd1+ 39. Kg2 Qd5+ 40. Qf3 Qd7 41. e4 Kg8 42. Qb3+ Kh8 43. Qd5 Qe7 44. Qf5 Kg8 45. h5 Kh8 46. Qg6 Kg8 47. h6 Qxe4+ 48. Qxe4 1-0


[Site "https://www.chess.com"]

[Event "Titled Tuesday Blitz April 18 Early 2023"]
[White "Girya, Olga"]
[Black "Delorme, Alban"]
[WhiteFideId "4195752"]
[BlackFideId "623636"]
[WhiteElo "2263"]
[BlackElo "2196"]
[Result "1-0"]
[Round "10"]
[TimeControl "180+2"]
[Date "2023.04.18"]
[WhiteClock "0:00:17"]
[BlackClock "0:00:03"]

1. d4 Nf6 2. Nf3 g6 3. Bg5 Bg7 4. Nbd2 O-O 5. c3 d6 6. e4 c5 7. dxc5 dxc5 8. Bc4 Nc6 9. O-O Bg4 10. Qc2 Qb6 11. h3 Bxf3 12. Nxf3 Nd7 13. Rad1 Nde5 14. Nxe5 Nxe5 15. Be2 Bf6 16. Be3 Rfd8 17. f4 Nc6 18. e5 Bg7 19. b4 a5 20. Bxc5 Qc7 21. Qb3 axb4 22. cxb4 b6 23. Bf2 e6 24. Bf3 Rac8 25. Rc1 Qd7 26. Rfd1 Nd4 27. Rxc8 Nxf3+ 28. Qxf3 Qxc8 29. Bxb6 Rxd1+ 30. Qxd1 Bf8 31. a3 Qc4 32. Qd2 h5 33. Be3 Qb3 34. Kh2 h4 35. Bf2 Be7 36. Bc5 Bxc5 37. bxc5 Qg3+ 38. Kh1 Qxa3 39. c6 Qa1+ 40. Kh2 1-0


[Site "https://www.chess.com"]

[Event "Titled Tuesday Blitz April 18 Early 2023"]
[White "Indjic, Aleksandar"]
[Black "Sreyas Payyappat"]
[WhiteFideId "911925"]
[BlackFideId "46674969"]
[WhiteElo "2614"]
[BlackElo "2083"]
[Result "1-0"]
[Round "10"]
[TimeControl "180+2"]
[Date "2023.04.18"]
[WhiteClock "0:01:13"]
[BlackClock "0:00:04"]

1. a4 e5 2. g3 d5 3. Bg2 Nf6 4. d3 Bc5 5. e3 Nc6 6. h3 O-O 7. Ne2 Bf5 8. Nd2 Qd7 9. g4 Be6 10. Ng3 h6 11. c3 Rad8 12. b4 Bd6 13. b5 Ne7 14. Ba3 d4 15. Bxd6 dxc3 16. Bxe5 cxd2+ 17. Qxd2 Qxd3 18. Qxd3 Rxd3 19. Bxb7 Rfd8 20. O-O Nfd5 21. Rfc1 Rd7 22. Bd4 c5 23. bxc6 Rd8 24. Ne4 Nc7 25. Bxa7 Bd5 26. Nc5 Rd2 27. Bb6 Ng6 28. Bxc7 Re8 29. e4 1-0


[Site "https://www.chess.com"]

[Event "Titled Tuesday Blitz April 18 Early 2023"]
[White "Aydincelebi, Kagan"]
[Black "Fiorito, Francisco"]
[WhiteFideId "6361102"]
[BlackFideId "180165"]
[WhiteElo "2180"]
[BlackElo "2341"]
[Result "1/2-1/2"]
[Round "10"]
[TimeControl "180+2"]
[Date "2023.04.18"]
[WhiteClock "0:00:08"]
[BlackClock "0:00:07"]

1. e4 c5 2. Nf3 Nc6 3. Bb5 g6 4. Bxc6 dxc6 5. Nc3 Bg7 6. d3 Qc7 7. Be3 b6 8. h3 e5 9. O-O h6 10. Nd2 g5 11. Ne2 Ne7 12. Ng3 O-O 13. Nc4 Be6 14. b3 f6 15. a4 a5 16. Bd2 Rab8 17. Bc3 Ng6 18. Nf5 Qd7 19. Nce3 Kh7 20. g3 Ne7 21. Qf3 Nxf5 22. Nxf5 Bxf5 23. Qxf5+ Qxf5 24. exf5 Rfd8 25. Rfe1 Kg8 26. Re4 Kf7 27. Kg2 Bf8 28. Kf3 Bd6 29. Kg4 Re8 30. Kh5 Kg7 31. Rae1 Rf8 32. Bd2 Rb7 33. f4 Kf7 34. fxg5 hxg5 35. Kg4 Rh8 36. Rh1 Rbb8 37. Re2 Rbg8 38. Reh2 Bc7 39. Kf3 Rh5 40. Ke4 Ke7 41. g4 Rh7 42. h4 gxh4 43. Rxh4 Rxg4+ 44. Rxg4 Rxh1 45. Rg7+ Kd6 46. Rg6 Bd8 47. Bg5 Rg1 48. Bxf6 Re1+ 49. Kf3 Bxf6 50. Rxf6+ Kd5 51. Rf7 Kd4 52. Kf2 Rc1 53. Rd7+ Kc3 54. f6 Rxc2+ 55. Kg3 Rc1 56. Kg2 Rc2+ 57. Kf1 Rc1+ 58. Ke2 Rc2+ 59. Ke3 Rc1 60. Ke2 Rh1 61. f7 Rh8 62. Rb7 Kxb3 63. Rxb6+ Kxa4 64. Rxc6 Rf8 65. Rxc5 Rxf7 66. Rxe5 Kb4 67. Re8 a4 68. Kd2 Rc7 69. Rb8+ Ka3 70. d4 Ka2 71. d5 a3 72. d6 Rc6 73. Rd8 Ka1 74. d7 a2 75. Ke2 Rd6 76. Ke3 Kb1 77. Rb8+ Kc2 78. Rc8+ Kb3 79. Rb8+ Kc4 80. Rc8+ Kb4 81. Rb8+ Kc3 82. Rc8+ Kb2 83. Rb8+ Ka1 84. Ke2 Rxd7 85. Ke3 Rd8 86. Rxd8 Kb2 87. Ra8 a1=Q 88. Rxa1 Kxa1 1/2-1/2


[Site "https://www.chess.com"]

[Event "Titled Tuesday Blitz April 18 Early 2023"]
[White "Bruedigam, Martin"]
[Black "Mekhitarian, Krikor Sevag"]
[WhiteFideId "24608033"]
[BlackFideId "2107660"]
[WhiteElo "2331"]
[BlackElo "2604"]
[Result "0-1"]
[Round "10"]
[TimeControl "180+2"]
[Date "2023.04.18"]
[WhiteClock "0:02:51"]
[BlackClock "0:02:41"]

1. d4 Nf6 2. c4 g6 3. f3 d5 4. cxd5 Nxd5 5. e4 Nb6 6. Nc3 Bg7 7. Be3 O-O 8. Qd2 Nc6 9. Rd1 e5 10. d5 Nd4 11. Nge2 Nc4 0-1


[Site "https://www.chess.com"]

[Event "Titled Tuesday Blitz April 18 Early 2023"]
[White "Tomaszewski, Kacper"]
[Black "Wagner, Dennis"]
[WhiteFideId "1127373"]
[BlackFideId "24650684"]
[WhiteElo "2211"]
[BlackElo "2470"]
[Result "0-1"]
[Round "10"]
[TimeControl "180+2"]
[Date "2023.04.18"]
[WhiteClock "0:00:08"]
[BlackClock "0:00:07"]

1. d4 Nf6 2. c4 e6 3. Nc3 d5 4. Bf4 dxc4 5. e3 a6 6. Bxc4 b5 7. Be2 Bb7 8. Nf3 Nbd7 9. O-O c5 10. Rc1 Rc8 11. Qd2 Qb6 12. Rfd1 c4 13. Ne5 Bb4 14. Nxd7 Nxd7 15. a3 Be7 16. d5 e5 17. d6 Qxd6 18. Qxd6 Bxd6 19. Rxd6 exf4 20. Bg4 Rc7 21. Rcd1 Ne5 22. Rd8+ Ke7 23. Rxh8 Nxg4 24. exf4 Nf6 25. f3 h5 26. Kf2 Bc8 27. Nd5+ Nxd5 28. Rxd5 g6 29. Rdd8 Be6 30. g4 hxg4 31. fxg4 Bxg4 32. Rhe8+ Kf6 33. Rd6+ Be6 34. Rxa6 Rd7 35. Ke2 Rd3 36. a4 Rb3 37. axb5 Rxb2+ 38. Kd1 Rxb5 39. Rc6 Rh5 40. Rexe6+ fxe6 41. Rxc4 Rxh2 42. Ke1 Kf5 43. Ra4 Rh4 44. Ke2 Rxf4 45. Ra8 Rb4 46. Ke3 Rb3+ 47. Kd4 e5+ 48. Kc4 Rb6 49. Kd5 Rb5+ 50. Kc4 Rb7 51. Kd5 Rd7+ 52. Kc4 e4 53. Rf8+ Kg4 54. Rg8 g5 55. Re8 Kf3 56. Rf8+ Ke2 57. Rf7 Rxf7 0-1


[Site "https://www.chess.com"]